 Dungeon Sprint DCSS version 0.19.0-18-g426998a (webtiles) character file.

6705 poirepourri the Devastator (level 10, -4/56 HPs)
             Began as a Deep Elf Conjurer on Nov 11, 2016.
             Was a High Priest of Vehumet.
             Slain by a demonic crawler (7 damage)
             ... in the Dungeon (Sprint I: "Red Sonja").
             The game lasted 00:05:42 (2593 turns).

poirepourri the Devastator (Deep Elf Conjurer)      Turns: 2593, Time: 00:05:42

Health: -4/56      AC:  5    Str:  5    XL:     10   Next: 74%
Magic:  5/32       EV: 16    Int: 24    God:    Vehumet [*****.]
Gold:   116        SH:  0    Dex: 15    Spells: 7 memorised, 21 levels left

rFire  . . .     SeeInvis .     (no weapon)
rCold  . . .     Gourm    .     c - +0 troll leather armour
rNeg   . . .     Faith    .     (no shield)
rPois  .         Spirit   .     (no helmet)
rElec  .         Reflect  .     k - +0 cloak
rCorr  .         Harm     .     (no gloves)
MR     +....     NoTele   +     (no boots)
Stlth  ++++......               (no amulet)
                                (no ring)
                                (no ring)

@: very slightly contaminated
A: no striking features
a: Renounce Religion


You were in the Dungeon.
You worshipped Vehumet.
Vehumet was extremely pleased with you.
You were full.

You visited 1 branch You collected 1737 gold pieces.
You spent 1621 gold pieces at shops.

Inventory:

Armour
 a - a +0 robe
 c - a +0 troll leather armour (worn)
 h - a +1 scale mail of cold resistance
 j - a +2 scale mail of fire resistance
 k - a +0 cloak (worn)
 o - a +2 helmet of intelligence
Scrolls
 m - a scroll of identify
Potions
 d - 3 potions of curing
 e - a potion of heal wounds
 f - a potion of haste
 g - a potion of magic
 p - a potion of cancellation
Books
 b - a book of Conjurations

   Spells                             Type                      Level
   a - Magic Dart                     Conjuration                  1
   b - Searing Ray                    Conjuration                  2
   c - Dazzling Spray                 Conjuration/Hexes            3
   d - Fulminant Prism                Conjuration/Hexes            4
   e - Iskenderun's Mystic Blast      Conjuration                  4
   f - Iskenderun's Battlesphere      Conjuration/Charms           5
Comestibles
 l - 5 bread rations
 n - 4 meat rations


   Skills:
 - Level 3.6 Fighting
 - Level 1.2 Armour
 + Level 8.5 Dodging
 + Level 8.8 Stealth
 + Level 16.7 Spellcasting
 + Level 19.8 Conjurations
 + Level 3.4 Hexes


You had 21 spell levels left.
You knew the following spells:

 Your Spells              Type           Power        Failure   Level  Hunger
a - Magic Dart            Conj           ####         0%          1    None
b - Searing Ray           Conj           ######       0%          2    None
c - Dazzling Spray        Conj/Hex       ######       1%          3    None
d - Fulminant Prism       Conj/Hex       ######....   1%          4    None
e - Iskenderun's Mystic   Conj           #######.     0%          4    None
f - Iskenderun's Battles  Conj/Chrm      ######..     1%          5    None
g - Throw Flame           Conj/Fire      ######       1%          2    None


Dungeon Overview and Level Annotations

Branches:
Dungeon (1/1)

Altars:
Cheibriados
Dithmenos
Elyvilon
Fedhas
Gozag
Hepliaklqana
Kikubaaqudgha
Makhleb
Nemelex Xobeh
Okawaru
Qazlal
Ru
Sif Muna
Trog
Uskayaw
Vehumet
Xom
Yredelemnul
Zin
The Shining One
Jiyva
Lugonu

Shops:
D *%%}[}}*(*(*!}[?


Message History

You feel much better. The demonic crawler hits you.
The demonic crawler closely misses you. The demonic crawler misses you.
The demonic crawler hits you. x2
* * * LOW HITPOINT WARNING * * *
The demonic crawler hits you.
* * * LOW HITPOINT WARNING * * *
The demonic crawler completely misses you.
The demonic crawler hits you but does no damage.
The demonic crawler misses you.
Unknown command.
You feel much better. The demonic crawler hits you! x2
The demonic crawler misses you. The demonic crawler hits you.
* * * LOW HITPOINT WARNING * * *
The demonic crawler closely misses you. x2; The demonic crawler hits you.
* * * LOW HITPOINT WARNING * * *
The demonic crawler barely misses you. The demonic crawler hits you!
* * * LOW HITPOINT WARNING * * *
Unknown command.
The demonic crawler hits you!
You die...

########################
.#..'..#..'..#__#s))...#
.)..#.)'..#..'..@ss#...#
)#####'#####'#__####...'..#
.####..#...#.####§(#####..+
.#__####..##.#§§§§§#..# +##
.#_____##)#..§≈§≈§.§..#
⌠#_.∩...'..._#≈§).§#..#
##_..__##_(#'##)#####'###
#_____###'#(#§(..###.'.#
#########.####§###)###.#


You could see 3 demonic crawlers.

Vanquished Creatures
  2 centaur warriors (D)
  Sonja (D)
  A deep troll (D)
  2 unseen horrors (D)
  An oklob plant (D)
  2 kobold demonologists (D)
  A demonic crawler (D)
  A hornet (D)
  A slime creature (D)
  2 redbacks (D)
  Sigmund (D)
  A yak (D)
  2 floating eyes (D)
  7 necrophages (D)
  An ogre (D)
  8 jellies (D)
  Ijyb (D)
  2 ballistomycetes (D)
  A ballistomycete spore (D)
38 creatures vanquished.

Vanquished Creatures (others)
  A deep elf master archer (D)
  2 sirens (D)
  4 hornets (D)
  A floating eye (D)
  A ballistomycete spore (D)
  10 fulminant prisms (D)
19 creatures vanquished.

Grand Total: 57 creatures vanquished

Notes
Turn   | Place    | Note
-------+----------+-------------------------------------------
     0 | D        | poirepourri the Deep Elf Conjurer began the quest for the Orb.
     0 | D        | Reached XP level 1. HP: 10/10 MP: 6/6
     3 | D        | Noticed Ijyb
    22 | D        | Killed Ijyb
    22 | D        | Reached skill level 6 in Conjurations
    22 | D        | Reached XP level 2. HP: 2/16 MP: 1/8
   281 | D        | Learned a level 2 spell: Searing Ray
   308 | D        | Noticed an ogre
   312 | D        | Killed an ogre
   312 | D        | Reached skill level 1 in Fighting
   312 | D        | Reached skill level 9 in Conjurations
   312 | D        | Reached XP level 3. HP: 20/20 MP: 3/10
   312 | D        | Reached XP level 4. HP: 25/25 MP: 3/12
   333 | D        | Learned a level 3 spell: Dazzling Spray
   338 | D        | Learned a level 4 spell: Fulminant Prism
   521 | D        | Noticed Sigmund
   523 | D        | Killed Sigmund
   523 | D        | Reached skill level 5 in Dodging
   523 | D        | Reached skill level 5 in Spellcasting
   523 | D        | Reached skill level 11 in Conjurations
   523 | D        | Reached XP level 5. HP: 30/30 MP: 4/15
   664 | D        | Learned a level 4 spell: Iskenderun's Mystic Blast
   676 | D        | Found a deep blue altar of Sif Muna.
   682 | D        | Found a radiant altar of Vehumet.
   683 | D        | Reached skill level 12 in Conjurations
   683 | D        | Reached XP level 6. HP: 35/35 MP: 3/16
   692 | D        | Became a worshipper of Vehumet
   809 | D        | Found Diaprij's General Store.
   809 | D        | Found an ancient bone altar of Kikubaaqudgha.
   809 | D        | Found a hazy altar of Hepliaklqana.
   809 | D        | Found a stormy altar of Qazlal.
   809 | D        | Found a hide-covered altar of Uskayaw.
   809 | D        | Found a blossoming altar of Fedhas.
   809 | D        | Found a bloodstained altar of Trog.
   809 | D        | Found an iron altar of Okawaru.
   809 | D        | Found a basalt altar of Yredelemnul.
   809 | D        | Found a glowing golden altar of the Shining One.
   809 | D        | Found a snail-covered altar of Cheibriados.
   809 | D        | Found a sacrificial altar of Ru.
   809 | D        | Found a glowing silver altar of Zin.
   809 | D        | Found a shadowy altar of Dithmenos.
   809 | D        | Found a white marble altar of Elyvilon.
   809 | D        | Noticed a yak
   815 | D        | Killed a yak
   815 | D        | Reached skill level 5 in Stealth
   815 | D        | Reached skill level 13 in Conjurations
   816 | D        | Found an opulent altar of Gozag.
   817 | D        | Found a sparkling altar of Nemelex Xobeh.
   890 | D        | Found a burning altar of Makhleb.
   890 | D        | Found a shimmering altar of Xom.
   890 | D        | Noticed a slime creature
   895 | D        | Killed a slime creature
   895 | D        | Reached skill level 14 in Conjurations
   895 | D        | Reached XP level 7. HP: 34/40 MP: 1/19
   897 | D        | Found a viscous altar of Jiyva.
   897 | D        | Found a corrupted altar of Lugonu.
   927 | D        | Killed a hornet
  1015 | D        | Noticed Sonja
  1018 | D        | Killed Sonja
  1018 | D        | Reached * piety under Vehumet
  1018 | D        | Offered knowledge of Sting by Vehumet.
  1018 | D        | Reached skill level 15 in Conjurations
  1018 | D        | Reached XP level 8. HP: 34/45 MP: 7/23
  1329 | D        | Noticed a deep troll
  1335 | D        | Killed a deep troll
  1335 | D        | Reached skill level 10 in Spellcasting
  1335 | D        | Reached skill level 16 in Conjurations
  1358 | D        | Found Tarchun's Armour Emporium.
  1362 | D        | Bought a +1 scale mail of cold resistance for 176 gold pieces
  1362 | D        | Bought a +2 scale mail of fire resistance for 231 gold pieces
  1362 | D        | Bought a +0 cloak for 49 gold pieces
  1478 | D        | Learned a level 5 spell: Iskenderun's Battlesphere
  1481 | D        | Noticed a centaur warrior
  1484 | D        | Noticed a centaur warrior
  1488 | D        | Killed a centaur warrior
  1488 | D        | Reached skill level 17 in Conjurations
  1488 | D        | Reached XP level 9. HP: 51/51 MP: 13/26
  1492 | D        | Killed a centaur warrior
  1492 | D        | Reached ** piety under Vehumet
  1492 | D        | Offered knowledge of Throw Flame by Vehumet.
  1492 | D        | Reached skill level 1 in Armour
  1492 | D        | Reached skill level 18 in Conjurations
  1496 | D        | Learned a level 2 spell: Throw Flame
  1709 | D        | Noticed an oklob plant
  1714 | D        | Killed an oklob plant
  1835 | D        | Offered knowledge of Stone Arrow by Vehumet.
  1839 | D        | Reached *** piety under Vehumet
  1839 | D        | Reached XP level 10. HP: 22/56 MP: 9/29
  1975 | D        | Killed an unseen horror
  1975 | D        | Reached **** piety under Vehumet
  1975 | D        | Reached skill level 19 in Conjurations
  1975 | D        | Reached skill level 1 in Hexes
  2009 | D        | Offered knowledge of Olgreb's Toxic Radiance by Vehumet.
  2088 | D        | Reached ***** piety under Vehumet
  2106 | D        | Reached skill level 15 in Spellcasting
  2144 | D        | Killed a deep elf master archer
  2159 | D        | Killed a siren
  2187 | D        | Offered knowledge of Static Discharge by Vehumet.
  2215 | D        | Killed an unseen horror
  2321 | D        | Found Ifeunuxo's Distillery.
  2321 | D        | Found Ucsost's Food Shoppe.
  2322 | D        | Found Siobec's Gadget Emporium.
  2322 | D        | Found Etwe Owi's Gadget Boutique.
  2323 | D        | Found Nufowk's Magic Scroll Emporium.
  2345 | D        | Found Goragiuso's Food Shop.
  2347 | D        | Found Naomp's Armour Emporium.
  2347 | D        | Found Fofyirgh's Gadget Shop.
  2347 | D        | Found Jerere's Gadget Shoppe.
  2347 | D        | Found Garobro's Assorted Antiques.
  2347 | D        | Found Isuanun's Weapon Emporium.
  2347 | D        | Found Taco's General Store.
  2347 | D        | Found Utest's Antique Weapon Shoppe.
  2348 | D        | Bought a bread ration for 70 gold pieces
  2348 | D        | Bought a bread ration for 70 gold pieces
  2348 | D        | Bought a bread ration for 70 gold pieces
  2348 | D        | Bought a meat ration for 70 gold pieces
  2349 | D        | Bought a meat ration for 60 gold pieces
  2349 | D        | Bought a meat ration for 60 gold pieces
  2349 | D        | Bought a meat ration for 60 gold pieces
  2349 | D        | Bought a meat ration for 60 gold pieces
  2351 | D        | Found Cagistrue's General Store.
  2352 | D        | Bought a +2 helmet of intelligence for 236 gold pieces
  2355 | D        | Bought a potion of heal wounds for 120 gold pieces
  2363 | D        | Bought a potion of heal wounds for 65 gold pieces
  2363 | D        | Bought a potion of cancellation for 104 gold pieces
  2369 | D        | Bought a potion of heal wounds for 120 gold pieces
  2438 | D        | Noticed a rust devil
  2439 | D        | Paralysed by a floating eye for 3 turns
  2443 | D        | Offered knowledge of Airstrike by Vehumet.
  2446 | D        | Noticed a rust devil
  2541 | D        | Killed a siren
  2592 | D        | HP: 2/56 [demonic crawler (10)]
  2593 | D        | Slain by a demonic crawler

Skill      XL: |  1  2  3  4  5  6  7  8  9 10 |
---------------+-------------------------------+-----
Dodging        | 3 4 5 6 7 8 |  8.5
Stealth        | 3 4 5 6 7 8 |  8.8
Conjurations   | 6 9 11 12 14 15 17 18 19 | 19.8
Fighting       | 1 2 3 |  3.6
Spellcasting   | 4 5 7 9 11 13 16 | 16.7
Armour         | 1 |  1.2
Hexes          | 3 |  3.4

Action                   |  1- 3 |  4- 6 |  7- 9 | 10-12 || total
-------------------------+-------+-------+-------+-------++-------
Melee: Unarmed           |    12 |       |     2 |     3 ||    17
 Cast: Magic Dart        |     8 |     3 |       |       ||    11
       Searing Ray       |     1 |     2 |       |     5 ||     8
       Fulminant Prism   |       |     1 |     1 |     8 ||    10
       Iskenderun's Myst |       |     5 |    29 |    24 ||    58
       Dazzling Spray    |       |     1 |       |       ||     1
  Use: Potion            |     1 |       |       |     5 ||     6
       Scroll            |       |       |     1 |     2 ||     3
  Eat: Bread ration      |       |       |     1 |       ||     1
       Meat ration       |       |       |       |     1 ||     1
       Beef jerky        |       |       |       |     1 ||     1
Armor: Robe              |     1 |       |       |       ||     1
       Troll leather arm |       |       |       |    11 ||    11
Dodge: Dodged            |     4 |     4 |     2 |    57 ||    67
